 Dungeon Crawl Stone Soup version 0.28.0-43-g3370ac3207 (webtiles) character file.

Game seed: 12348890225892090322

4165 nickcage the Frost Mage (level 10, -10/69 HPs)
             Began as a Pale Draconian Ice Elementalist on Mar 29, 2022.
             Was a Follower of Sif Muna.
             Killed from afar by Erica (19 damage)
             ... with a lance of force
             ... on level 8 of the Dungeon.
             The game lasted 00:51:30 (11492 turns).

nickcage the Frost Mage (DrIE)                     Turns: 11492, Time: 00:51:32

Health: -10/69     AC: 21    Str: 10    XL:     10   Next: 7%
Magic:  10/18      EV: 16    Int: 21    God:    Sif Muna [*.....]
Gold:   463        SH:  0    Dex: 11    Spells: 1/20 levels left

rFire   . . .      SeeInvis .   t - +6 hand axe (flame)
rCold   . . .      Faith    .   (no shield)
rNeg    . . .      Spirit   .   (armour unavailable)
rPois   .          Reflect  .   (helmet restricted)
rElec   .          Harm     .   C - +2 cloak
rCorr   .          Rampage  .   p - +0 pair of gloves
Will    .....                   x - +0 pair of boots
Stlth   ++........              (no amulet)
HPRegen 0.21/turn               w - +4 ring of evasion
MPRegen 0.16/turn               (no ring)

@: ice-armoured, short of breath, freezing walls
A: breathe steam, AC +7, unfitting armour, cold-blooded, steam resistance
a: Breathe Steam, Renounce Religion, Channel Magic


You were on level 8 of the Dungeon.
You worshipped Sif Muna.
Sif Muna was aware of your devotion.
You visited 2 branches of the dungeon, and saw 10 of its levels.

You collected 463 gold pieces.

Inventory:

Hand Weapons
 c - a +0 dagger of venom
 t - a +6 hand axe of flaming (weapon)
Missiles
 e - 3 throwing nets
Armour
 p - a +0 pair of gloves (worn)
 x - a +0 pair of boots (worn)
 z - a +0 cloak
 C - a +2 cloak (worn)
Jewellery
 w - a +4 ring of evasion (left hand)
Wands
 b - a wand of iceblast (4)
 y - a wand of flame (25)
 A - a wand of charming (12)
Scrolls
 a - 4 scrolls of enchant weapon
 d - 3 scrolls of blinking
 j - a scroll of brand weapon
 l - a scroll of amnesia
 m - a scroll of fear {unknown}
 u - 5 scrolls of identify
 B - a scroll of noise {unknown}
 D - a scroll of teleportation
Potions
 f - a potion of lignification
 g - 3 potions of mutation
 h - a potion of flight
 i - a potion of heal wounds {unknown}
 k - a potion of berserk rage
 n - 2 potions of ambrosia {unknown}
 o - 3 potions of curing
 q - a potion of magic {unknown}
 r - a potion of attraction {unknown}
 s - 2 potions of brilliance {unknown}
 v - a potion of cancellation {unknown}


   Skills:
 - Level 1.7 Dodging
 - Level 1.7 Stealth
 - Level 5.8 Spellcasting
 * Level 5.8 Conjurations
 * Level 4.1 Translocations
 - Level 11.1 Ice Magic
 + Level 4.0 Air Magic


You had one spell level left.
You knew the following spells:

 Your Spells              Type           Power      Damage    Failure   Level
a - Freeze                Ice            100%       1d11      1%          1
b - Frozen Ramparts       Ice            100%       1d12      1%          3
c - Ozocubu's Armour      Ice            52%        N/A       1%          3
d - Magic Dart            Conj           100%       1d8       1%          1
e - Mephitic Cloud        Conj/Pois/Air  19%        N/A       8%          3
f - Hailstorm             Conj/Ice       41%        3d10      3%          4
g - Iskenderun's Mystic   Conj/Tloc      27%        2d7       13%         4

Your spell library contained the following spells:

 Spells                   Type           Power      Damage    Failure   Level
 Apportation              Tloc           46%        N/A       1%          1
 Beastly Appendage        Tmut           12%        N/A       10%         1
 Blink                    Tloc           46%        N/A       2%          2
 Teleport Other           Tloc           23%        N/A       5%          3
 Corpse Rot               Necr/Air       28%        N/A       7%          2
 Dazzling Flash           Conj/Hex       36%        N/A       9%          3
 Portal Projectile        Hex/Tloc       28%        N/A       13%         3
 Call Imp                 Summ           6%         N/A       16%         2
 Wereblood                Tmut           6%         N/A       16%         2
 Call Canine Familiar     Summ           6%         N/A       30%         3
 Spider Form              Tmut/Pois      6%         N/A       30%         3
 Fulminant Prism          Conj/Hex       9%         3d7       30%         4
 Dispel Undead            Necr           6%         3d8       69%         4
 Leda's Liquefaction      Hex/Erth       3%         N/A       69%         4
 Summon Forest            Summ/Tloc      7%         N/A       75%         5
 Lee's Rapid Deconstruct  Erth           3%         3d6*      95%         5
 Summon Mana Viper        Hex/Summ       6%         N/A       95%         5
 Starburst                Conj/Fire      9%         6d5       99%         6
 Death Channel            Necr           3%         N/A       100%        6
 Summon Cactus Giant      Summ           3%         N/A       100%        6
 Disjunction              Tloc           11%        N/A       100%        8


Dungeon Overview and Level Annotations

Branches:
Dungeon (9/15)             Temple (1/1) D:7            Lair (0/6) D:9
    Orc: D:9-12

Altars:
Ashenzari
Cheibriados
Elyvilon
Fedhas
Gozag
Hepliaklqana
Kikubaaqudgha
Makhleb
Nemelex Xobeh
Okawaru
Qazlal
Ru
Sif Muna
Trog
Uskayaw
Vehumet
Wu Jian
Xom
Yredelemnul
Zin
The Shining One

Shops:
D:1 *   D:2 =   D:6 (:

Portals:
Abyss: D:3

Annotations:
D:8 Erica


Innate Abilities, Weirdness & Mutations

You can breathe blasts of scalding, opaque steam.
Your pale cyan-grey scales are hard. (AC +7)
You cannot fit into any form of body armour.
You are cold-blooded and may be slowed by cold attacks.
You are immune to the effects of steam.


Message History

The walls around you are covered in ice.
The wall freezes something!
Something hits you! Something burns you.
Casting: Frozen Ramparts (safe; 1% risk of failure)
Confirm with . or Enter, or press ? or * to list all spells.
A film of ice covers your body!
The wall freezes something!
Something hits you!
* * * LOW HITPOINT WARNING * * *
Something burns you.
* * * LOW HITPOINT WARNING * * *
The heat melts your icy armour.
Casting: Ozocubu's Armour (safe; 1% risk of failure)
Confirm with . or Enter, or press ? or * to list all spells.
Aiming: Freeze (safe; 1% risk of failure)
Press: ? - help, Shift-Dir - straight line You freeze something.
The wall freezes something.
You hear some strange, mumbled words.
Something tries to affect you, but you resist.
Casting: Freeze (safe; 1% risk of failure)
Confirm with . or Enter, or press ? or * to list all spells.
Aiming: Freeze (safe; 1% risk of failure)
Press: ? - help, Shift-Dir - straight line You freeze something!
The wall freezes something!
Something hits you!
* * * LOW HITPOINT WARNING * * *
Something burns you.
* * * LOW HITPOINT WARNING * * *
The heat melts your icy armour.
Okay, then.
Aiming: Breathe Steam (1% risk of failure)
Press: ? - help, Shift-Dir - straight line You exhale a blast of scalding steam.
The wall freezes something.
Something barely misses you.
Casting: Freeze (safe; 1% risk of failure)
Confirm with . or Enter, or press ? or * to list all spells.
Aiming: Freeze (safe; 1% risk of failure)
Press: ? - help, Shift-Dir - straight line
Aim: Disturbance (steam)
You freeze something.
The wall freezes something!
You hear some strange, mumbled words.
A lance of force appears from out of thin air!
The lance of force hits you!!
You die...

### ###### ###.##
#####....## ##....#
##.##......# #...<.#
##........########.....#
##..######....@{§####...#
###..## #######.......##
#...## #..>......# ...##
#...†.....# ..##
##........# ..#
#........# .## #........#
## ##.......## #
#........#


There were no monsters in sight!

Vanquished Creatures
  A manticore (D:6)
  Joseph (D:8)
  Maggie (D:6)
  Prince Ribbit (D:6)
  The ghost of WaxSun the Skirmisher, an amateur FoCK of Xom (D:3)
  A steam dragon (D:8)
  A sky beast (D:8)
  2 necrophages
  A black bear (D:8)
  2 ogres
  4 centaurs
  2 kobold brigands
  A gnoll sergeant (D:8)
  A bullfrog (D:8)
  4 scorpions
  2 water moccasin zombies
  3 small abominations (D:3)
  A water moccasin skeleton (D:5)
  3 killer bees (D:8)
  5 wights (D:8)
  2 centaur zombies
  A hound (D:4)
  A jelly (D:5)
  An orc priest (D:5)
  Crazy Yiuf (D:6)
  A bullfrog skeleton (D:5)
  A centaur skeleton (D:7)
  An iguana (D:5)
  3 orc wizards
  5 gnolls (D:8)
  A howler monkey skeleton (D:6)
  8 adders
  An ufetubus (D:7)
  An adder skeleton (D:4)
  A worm (D:2)
  5 dart slugs
  24 orcs
  9 endoplasms
  3 giant cockroaches
  4 goblins
  2 hobgoblins
  4 jackals (D:1)
  7 quokkas
  7 ball pythons
  5 bats
  A frilled lizard (D:1)
  9 kobolds
  6 rats
153 creatures vanquished.

Notes
Turn   | Place    | Note
-------+----------+-------------------------------------------
     0 | D:1      | nickcage the Draconian Ice Elementalist began the quest for
                  | the Orb.
     0 | D:1      | Reached XP level 1. HP: 14/14 MP: 3/3
   195 | D:1      | Found Wuset's General Store.
   221 | D:1      | Reached XP level 2. HP: 20/20 MP: 5/5
  1002 | D:1      | Reached skill level 5 in Ice Magic
  1003 | D:1      | Reached XP level 3. HP: 26/26 MP: 1/6
  1182 | D:1      | Learned a level 3 spell: Frozen Ramparts
  1807 | D:2      | Found a faded altar of an unknown god.
  2063 | D:2      | Found Ceckavul's Jewellery Shop.
  2178 | D:2      | Reached XP level 4. HP: 30/33 MP: 3/7
  2289 | D:2      | Learned a level 3 spell: Ozocubu's Armour
  2320 | D:3      | Found a white marble altar of Elyvilon.
  2916 | D:3      | Reached skill level 6 in Ice Magic
  2916 | D:3      | Reached XP level 5. HP: 12/38 MP: 1/8
  3328 | D:3      | Found a transporter.
  3334 | D:3      | Found a transporter.
  3345 | D:3      | Noticed a small abomination
  3520 | D:3      | Noticed WaxSun's ghost (amateur FoCK)
  3730 | D:3      | Found a one-way gate to the infinite horrors of the Abyss.
  4192 | D:4      | Reached skill level 7 in Ice Magic
  4469 | D:4      | Reached XP level 6. HP: 36/45 MP: 5/9
  4607 | D:5      | Entered Level 5 of the Dungeon
  4932 | D:5      | HP: 2/45 [water moccasin skeleton (5)]
  5227 | D:5      | Reached skill level 8 in Ice Magic
  5258 | D:5      | Found Pyraun's Magic Scroll Shop.
  5479 | D:5      | Identified the +1 helmet of Reuwna {rElec Regen+}
  5502 | D:5      | Found a shimmering blue altar of Sif Muna.
  5518 | D:5      | Became a worshipper of Sif Muna the Loreminder
  5576 | D:5      | Found a burning altar of Makhleb.
  5581 | D:5      | Found a snail-covered altar of Cheibriados.
  5581 | D:5      | Found an ornate altar of the Wu Jian Council.
  5594 | D:5      | Found a sparkling altar of Nemelex Xobeh.
  5606 | D:5      | Found a broken altar of Ashenzari.
  5656 | D:5      | Your scales start taking on a pale cyan-grey colour.
  5656 | D:5      | Reached XP level 7. HP: 16/50 MP: 4/10
  5656 | D:5      | Gained mutation: You are immune to the effects of steam.
                  | [Pale Draconian growth]
  5886 | D:5      | Noticed a two-headed ogre
  6082 | D:5      | Reached skill level 9 in Ice Magic
  6167 | D:5      | Learned a level 1 spell: Magic Dart
  6357 | D:6      | Found Vafutipn's Book Emporium.
  6550 | D:6      | Reached skill level 1 in Conjurations
  6626 | D:6      | Learned a level 3 spell: Mephitic Cloud
  6996 | D:6      | Noticed Maggie
  7006 | D:6      | Reached XP level 8. HP: 57/57 MP: 3/12
  7097 | D:6      | Killed Maggie
  7098 | D:6      | Reached skill level 10 in Ice Magic
  7098 | D:6      | Reached skill level 1 in Air Magic
  7245 | D:6      | Noticed a manticore
  7253 | D:6      | Killed a manticore
  7259 | D:6      | Learned a level 4 spell: Hailstorm
  7389 | D:6      | Found Ript's Antique Weapon Shoppe.
  7404 | D:6      | Noticed Prince Ribbit
  7674 | D:6      | Found a runed translucent door.
  7675 | D:6      | Noticed Crazy Yiuf
  7682 | D:6      | Killed Crazy Yiuf
  7834 | D:6      | Killed Prince Ribbit
  7835 | D:6      | Reached XP level 9. HP: 52/62 MP: 4/15
  8136 | D:7      | Found a shimmering altar of Xom.
  8195 | D:7      | Found a staircase to the Ecumenical Temple.
  8726 | D:7      | Found a glowing golden altar of the Shining One.
  8802 | D:7      | Reached skill level 5 in Spellcasting
  9221 | Temple   | Entered the Ecumenical Temple
  9549 | D:8      | Reached skill level 11 in Ice Magic
  9555 | D:8      | Reached * piety under Sif Muna
  9683 | D:8      | Learned a level 4 spell: Iskenderun's Mystic Blast
 10072 | D:8      | Reached skill level 1 in Translocations
 10155 | D:8      | Found an iron altar of Okawaru.
 10156 | D:8      | Noticed Joseph
 10169 | D:8      | Killed Joseph
 10288 | D:8      | Reached skill level 5 in Conjurations
 10513 | D:8      | Found an opulent altar of Gozag.
 10601 | D:8      | Noticed a vault sentinel
 10601 | D:8      | Noticed a vault sentinel
 10851 | D:3      | Got Lugonu's Handbook of Displacement
 10873 | D:3      | Killed WaxSun's ghost
 10874 | D:3      | Reached XP level 10. HP: 67/69 MP: 5/18
 11180 | D:9      | Noticed a two-headed ogre
 11180 | D:9      | Found a staircase to the Lair.
 11321 | D:9      | Found an ancient bone altar of Kikubaaqudgha.
 11382 | D:9      | Noticed Erica
 11492 | D:8      | Killed from afar by Erica

Illustrated notes

Levels and vault maps discovered:
D:1:      saegor_arrival_simple_a, layout_loops_corners, serial_shops,
          shop_statue, minmay_tetromino_o4
D:2:      layout_loops_corners, serial_shops, nicolae_shop_advertising_works
          [nicolae_subvault_shop_adworks], chequers_ecumenical_altar_island
D:3:      layout_basic, elyvilon_altar_3, gammafunk_ghost_abyssal_escape
D:4:      layout_basic
D:5:      layout_gridville, mainiacjoe_overflow_brackets,
          minmay_overflow_temple_star_hex, serial_shops, nicolae_diamond_shop
D:6:      layout_layer_cave, serial_shops,
          nicolae_shop_competitors_out_of_business, nicolae_take_the_stairs,
          uniq_maggie, uniq_prince_ribbit1, uniq_crazy_yiuf_cottage
D:7:      layout_loops_corners, tso_altar, mainiacjoe_overflow_catwalk,
          minmay_temple_entry_stoned_glass
D:8:      layout_cave_pods, nicolae_gozag_cash_rules_everything_around_me,
          okawaru_metal_pillars_3, serial_column_ruins, column_ruins_hut,
          column_ruins_open_tiny, column_ruins_grid_1, column_ruins_corridor_T,
          hellmonk_guarded_unrand_gong, uniq_joseph
D:9:      layout_cross, nicolae_kikubaaqudgha_miasma_corner,
          dilly_guarded_unrand_elemental_staff, uniq_maurice, uniq_erica
Temple:   nicolae_temple_figure_zero

Skill      XL: |  1  2  3  4  5  6  7  8  9 10 |
---------------+-------------------------------+-----
Ice Magic      | 5 6 7 8 9 10 11 | 11.1
Conjurations   | 1 3 5 |  5.8
Spellcasting   | 4 5 |  5.8
Air Magic      | 3 4 |  4.0
Translocations | 3 4 |  4.1
Dodging        | |  1.7
Stealth        | |  1.7

Action                   |  1- 3 |  4- 6 |  7- 9 | 10-12 || total
-------------------------+-------+-------+-------+-------++-------
Melee: Rapier            |     5 |       |       |       ||     5
       Unarmed           |     1 |       |       |       ||     1
       Dagger            |     6 |    62 |       |       ||    68
       Tailslap          |     1 |    11 |     5 |       ||    17
       Whip              |       |    41 |       |       ||    41
       Hand axe          |       |       |    61 |     1 ||    62
       Punch             |       |       |     1 |       ||     1
 Cast: Freeze            |    45 |    90 |    80 |     9 ||   224
       Frozen Ramparts   |     2 |     6 |    21 |     3 ||    32
       Ozocubu's Armour  |       |     1 |    19 |     2 ||    22
       Magic Dart        |       |       |    16 |     2 ||    18
       Hailstorm         |       |       |     3 |       ||     3
       Mephitic Cloud    |       |       |       |     1 ||     1
 Abil: Breathe Steam     |       |       |     2 |     1 ||     3
  Use: Scroll            |       |     6 |     5 |       ||    11
       Potion            |       |     2 |       |       ||     2
 Stab: Sleeping          |     3 |     2 |     1 |       ||     6
Armor: Skin              |    13 |    80 |    49 |     1 ||   143
Dodge: Dodged            |    31 |   102 |   122 |    11 ||   266
